 Dungeon Crawl Stone Soup version 0.31-a0-988-g08d55dae12 (webtiles) character file.

Game seed: 3098643976942887009

200 BinkBink the Covered (level 5, -2/34 HPs)
             Began as a Gargoyle Fighter on Nov 4, 2023.
             Was a Follower of Wu Jian.
             Slain by an ogre
             ... wielding a +0 giant club
              (19 damage)
             ... on level 4 of the Dungeon.
             The game lasted 00:03:16 (2741 turns).

BinkBink the Covered (Gargoyle Fighter)             Turns: 2741, Time: 00:03:17

Health: -2/34      AC: 12    Str: 21    XL:     5   Next: 79%
Magic:  5/5        EV:  9    Int:  9    God:    Wu Jian [*.....]
Gold:   139        SH: 10    Dex: 15    Spells: 4/4 levels left

rFire   . . .        s - +2 mace (heavy)
rCold   . . .        c - +0 buckler
rNeg    + . .        b - +0 scale mail
rPois   ∞            (no helmet)
rElec   +            (no cloak)
rCorr   +            u - +0 pair of gloves
SInv    .            (no boots)
Will    .....        i - amulet of reflection Stlth
                     n - ring of resist corrosion
HPRegen 0.25/turn    h - +6 ring of dexterity
MPRegen 0.09/turn

%: reflection
@: no status effects
A: sickness immunity, AC +4, negative energy resistance 1, electricity
resistance, torment resistance 1, petrification resistance
a: Renounce Religion


You were on level 4 of the Dungeon.
You worshipped Wu Jian.
Wu Jian was aware of your devotion.
You visited 1 branch of the dungeon, and saw 4 of its levels.

You collected 139 gold pieces.

Inventory:

Hand Weapons
 a - a +0 flail
 s - a +2 heavy mace (weapon)
Armour
 b - a +0 scale mail (worn)
 c - a +0 buckler (worn)
 u - a +0 pair of gloves (worn)
Jewellery
 h - a +6 ring of dexterity (right hand)
 i - an amulet of reflection (around neck)
 n - a ring of resist corrosion (left hand)
Scrolls
 e - a scroll of acquirement {unknown}
 f - 4 scrolls of identify {unknown}
 j - a scroll of fog {unknown}
 k - a scroll of butterflies {unknown}
 p - a scroll of fear {unknown}
 q - a scroll of poison {unknown}
Potions
 d - a potion of might
 g - a potion of cancellation {unknown}
 l - a potion of enlightenment {unknown}
 m - a potion of curing {unknown}
 o - a potion of ambrosia {unknown}
 r - 2 potions of lignification {unknown}
 t - a potion of magic {unknown}
 v - a potion of resistance {unknown}


   Skills:
 + Level 4.4 Fighting
 + Level 3.3 Maces & Flails
 + Level 4.4 Armour
 + Level 4.4 Shields


You had 4 spell levels left.
You didn't know any spells.
Your spell library contained the following spells:

 Spells                   Type           Power      Damage    Failure   Level
 Blink                    Tloc           0%         N/A       89%         2
 Lesser Beckoning         Tloc           0%         N/A       89%         2
 Momentum Strike          Conj/Tloc      0%         3d8       89%         2
 Wereblood                Tmut           0%         N/A       89%         2
 Summon Hydra             Summ           0%         N/A       100%        7
 Sublimation of Blood     Necr           Unusable   N/A       N/A         2

Dungeon Overview and Level Annotations

Branches:
Dungeon (4/15)             Temple (0/1) D:4

Altars:
Wu Jian


Innate Abilities, Weirdness & Mutations

You are immune to sickness and miasma.
Your stone body is resilient. (AC +4)
You are immune to poison.
You resist negative energy. (rN+)
You are resistant to electric shocks. (rElec)
You are resistant to unholy torment.
You are immune to petrification.


Message History

A goblin comes into view. It is wielding a +0 club.
The goblin shouts!
A goblin is nearby!
A goblin is nearby!
A goblin is nearby!
Found a viscous white potion.
You lunge at the goblin.
You thump the goblin!
You kill the goblin!
The Council accepts your kill.
No target in view!
No target in view!
No target in view!
An endoplasm comes into view.
The endoplasm quivers.
An endoplasm is nearby!
An endoplasm is nearby!
An endoplasm is nearby!
Found 8 gold pieces.
You lunge at the endoplasm, but your attack speed is too slow for a blow to land.
The endoplasm hits you but does no damage.
You see here a +0 trident.
You bludgeon the endoplasm!!
You kill the endoplasm!
The Council accepts your kill.
No target in view!
No target in view!
Found a staircase to the Ecumenical Temple.
v - a viscous white potion You see here a +0 trident.
An ogre comes into view. It is wielding a +0 giant club.
The ogre shouts!
An ogre is nearby!
The ogre hits you with a +0 giant club!
You barely miss the ogre. The ogre hits you with a +0 giant club.
You are too injured to fight recklessly!
You are too injured to fight recklessly!
You barely miss the ogre.
The ogre hits you with a +0 giant club!!
Ouch! That really hurt!
You die...

≈≈≈≈≈≈.>.≈≈≈≈≈≈ .#..##
.≈≈≈≈≈≈...≈≈≈≈≈≈ .
...#..≈≈≈≈≈≈≈≈≈≈≈≈≈.
###....$....≈≈≈≈≈≈≈≈≈...
.............≈≈≈≈≈.....
#..#..................
#.#.....#.######...##.##
#......O#.# #......#
.#..#$@#.######...#####
#............)...)......
.....#..................
#.## ##.##..............
# ...########...#####
#.#### #...# # #...#
#...# #...#####


You could see an ogre.

Vanquished Creatures
  2 jellies
  6 adders
  4 dart slugs
  2 orcs
  10 ball pythons
  7 endoplasms
  2 giant cockroaches
  9 goblins
  10 hobgoblins
  4 jackals
  2 quokkas
  5 bats
  3 frilled lizards
  7 kobolds
  2 rats
75 creatures vanquished.

Notes
Turn   | Place    | Note
-------+----------+-------------------------------------------
     0 | D:1      | BinkBink the Gargoyle Fighter began the quest for the Orb.
     0 | D:1      | Reached XP level 1. HP: 14/14 MP: 1/1
   103 | D:1      | Reached XP level 2. HP: 14/19 MP: 2/2
   238 | D:1      | Reached XP level 3. HP: 17/23 MP: 3/3
   765 | D:2      | Found a faded altar of an unknown god.
  1113 | D:2      | Reached XP level 4. HP: 29/29 MP: 4/4
  1138 | D:2      | Prayed at the altar of an unknown god.
  1138 | D:2      | Became a worshipper of the Wu Jian Council
  1138 | D:2      | Reached * piety under Wu Jian
  2101 | D:3      | Reached XP level 5. HP: 22/33 MP: 5/5
  2724 | D:4      | Found a staircase to the Ecumenical Temple.
  2738 | D:4      | Noticed an ogre
  2741 | D:4      | Slain by an ogre

Illustrated notes

Levels and vault maps discovered:
D:1:      psy_arrival_statuary, layout_loops_ring, minmay_ruptured
D:2:      layout_loops_cross, serial_co_window_serial, co_window_paths_b,
          co_window_paths_a, co_window_paths_a, co_window_paths_b,
          co_window_paths_a, co_window_2corner, co_window_of_opportunity_b,
          co_window_corner_b, glass_columns_c,
          shapermc_ecumenical_altar_mp_urbaneastern, serial_bayou_ford_a
D:3:      layout_basic
D:4:      layout_loops_cross, temple_pool_b, nicolae_wormholes, uniq_sigmund

Skill      XL: |  1  2  3  4 |
---------------+-------------+-----
Armour         | 4 |  4.4
Shields        | 4 |  4.4
Fighting       | 4 |  4.4
Maces & Flails | 3 |  3.3

Action                     |  1- 3 |  4- 6 || total
---------------------------+-------+-------++-------
  Melee: Flail             |   110 |   101 ||   211
         Mace              |       |    21 ||    21
Ability: Lunge             |       |     8 ||     8
 Armour: Scale mail        |    76 |    94 ||   170
  Dodge: Dodged            |    45 |    45 ||    90
  Block: Buckler           |    23 |    28 ||    51

Table legend: (Time is in decaauts)
 A = Elapsed time spent in this place.
 B = Non-inter-level travel time spent in this place.
 C = Inter-level travel time spent in this place.
 D = Time resting spent in this place.
 E = Time spent auto-exploring this place.
 F = Levels seen in this place.
 G = Mean time per level.
                   A        B        C        D        E       F      G
               +--------+--------+--------+--------+--------+-----+--------+
         Total |   2836 |   2784 |     52 |      0 |   2226 |   4 |  709.0 |
       Dungeon |   2836 |   2784 |     52 |      0 |   2226 |   4 |  709.0 |
               +--------+--------+--------+--------+--------+-----+--------+

Top non-repeatable levels by time:
     D:2: 957 daAuts
     D:3: 919 daAuts
     D:1: 705 daAuts
     D:4: 253 daAuts
